 Dungeon Crawl Stone Soup version 0.28-a0-1143-gcf6077d4cc (webtiles) character file.

Game seed: 14428193284105008223

577 SensoryNuts the Slasher (level 7, -8/46 (52) HPs)
             Began as a Demonspawn Gladiator on Dec 13, 2021.
             Was an Initiate of Makhleb.
             Mangled by Edmund (9 damage)
             ... on level 5 of the Dungeon.
             The game lasted 00:04:23 (4742 turns).

SensoryNuts the Slasher (Demonspawn Gladiator)      Turns: 4742, Time: 00:04:23

HP:   -8/46 (52)    AC:  4    Str: 16    XL:     7   Next: 13%
MP:   7/7           EV: 12    Int: 10    God:    Makhleb [......]
Gold: 190           SH:  4    Dex: 14    Spells: 6/6 levels left

rFire   . . .      SeeInvis .   f - +2 dagger (drain)
rCold   . . .      Faith    .   (no shield)
rNeg    . . .      Spirit   .   b - +0 leather armour
rPois   .          Reflect  .   c - +0 helmet
rElec   .          Harm     .   (no cloak)
rCorr   .          Rampage  .   (no gloves)
Will    .....      Clarity  +   (no boots)
Stlth   ++........              (no amulet)
HPRegen 0.15/turn               (no ring)
MPRegen 0.10/turn               (no ring)

@: attractive, heavily drained
A: large bone plates 1, spiny 2, clarity, deterioration 1
a: Renounce Religion


You were on level 5 of the Dungeon.
You worshipped Makhleb.
Makhleb was noncommittal.
You visited 2 branches of the dungeon, and saw 7 of its levels.

You collected 190 gold pieces.

Inventory:

Hand Weapons
 a - a +0 long sword
 f - a +2 dagger of draining (weapon)
Missiles
 d - 3 throwing nets (quivered)
Armour
 b - a +0 leather armour (worn)
 c - a +0 helmet (worn)
Jewellery
 j - a ring of wizardry
Wands
 r - a wand of flame (11)
Scrolls
 e - 3 scrolls of vulnerability {unknown}
 g - a scroll of silence {unknown}
 h - 2 scrolls of holy word
 i - a scroll of fog
 l - a scroll of blinking {unknown}
 n - a scroll of identify
 q - a scroll of magic mapping {unknown}
Potions
 m - a potion of attraction
 o - a potion of haste


   Skills:
 + Level 3.2 Fighting
 + Level 3.0(4.2) Short Blades
 + Level 4.4(4.9) Long Blades
 + Level 1.9 Throwing
 + Level 2.6 Armour
 + Level 3.5 Dodging
 + Level 1.9 Stealth


You had 6 spell levels left.
You didn't know any spells.
Your spell library contained the following spells:

 Spells                   Type           Power      Damage    Failure   Level
 Slow                     Hex            0%         N/A       41%         1
 Static Discharge         Conj/Air       0%         N/A       56%         2
 Confusing Touch          Hex            0%         N/A       80%         3
 Gell's Gravitas          Tloc           0%         N/A       80%         3
 Lesser Beckoning         Tloc           0%         N/A       80%         3
 Teleport Other           Tloc           0%         N/A       80%         3
 Lightning Bolt           Conj/Air       0%         1d11      100%        5
 Yara's Violent Unravell  Hex/Tmut       0%         3d3       100%        5
 Maxwell's Capacitive Co  Air            0%         ∞         100%        8


Dungeon Overview and Level Annotations

Branches:
Dungeon (6/15)             Temple (1/1) D:4

Altars:
Ashenzari
Cheibriados
Elyvilon
Makhleb
Okawaru
Sif Muna
Uskayaw
Vehumet
Xom
Zin
The Shining One

Annotations:
D:5 Edmund, Pikel


Innate Abilities, Weirdness & Mutations

You are partially covered in large bone plates. (SH +4)
You are mostly covered in sharp spines.
You possess an exceptional clarity of mind.
Your body sometimes deteriorates upon taking damage.


Message History

You feel drained. Pikel completely misses you.
You barely miss Edmund.
Edmund is moderately wounded.
Edmund is struck by your spines. Edmund closely misses you.
Pikel is struck by your spines.
Pikel hits you with a +1 whip of freezing.
Pikel freezes you.
You closely miss Edmund.
Edmund is heavily wounded.
You block Edmund's attack. Pikel is struck by your spines.
Pikel hits you with a +1 whip of freezing!
Pikel freezes you.
A lemure comes into view.
The lemure hits you.
* * * LOW HITPOINT WARNING * * *
You feel better. You block Edmund's attack. Pikel closely misses you.
The lemure is struck by your spines. The lemure barely misses you.
Okay, then.
Found 15 gold pieces.
Found a stone staircase leading up.
Edmund misses you. Edmund closely misses you.
A lemure comes into view.
There is an escape hatch in the ceiling here.
The lemure shouts!
Edmund is struck by your spines. Edmund misses you.
Pikel hits you with a +1 whip of freezing!
* * * LOW HITPOINT WARNING * * *
Pikel freezes you.
* * * LOW HITPOINT WARNING * * *
A mysterious force pulls you upwards. The hatch slams shut behind you.
It was a potion of attraction.
You feel attractive to monsters.
Edmund hits you with a +2 flail of draining.
* * * LOW HITPOINT WARNING * * *
You feel drained.
Pikel says, "Hell isn't that bad."
Pikel misses you.
It was a potion of mutation.
You feel extremely strange.
You feel yourself wasting away.
Your thoughts seem clearer.
Edmund hits you with a +2 flail of draining!
You die...

##.....## #############
#.......########.....#.....##
#...........................##
#...(....#####...............#
##.....### #...............#
###....#######....(..........#
# #......#...................#
###.............@............#
##.....(........@............#
................K...........##
.#...................#.....##
##................#..#.#####
#................#..#..#
#............(...#.##>##
#.#.............#..##)#
..##..............###.###
.....#....#....###......#


You could see Edmund (drained) and Pikel.

Vanquished Creatures
  A scorpion (D:5)
  A water moccasin skeleton (D:3)
  A jelly (D:5)
  2 orc priests (D:5)
  Jessica (D:3)
  2 iguanas (D:4)
  Terence (D:3)
  4 orc wizards (D:5)
  A hound zombie (D:5)
  A howler monkey zombie (D:5)
  6 adders
  An adder skeleton (D:4)
  A worm (D:5)
  2 dart slugs (D:1)
  8 orcs
  3 ball pythons
  5 bats (D:2)
  6 endoplasms
  3 giant cockroaches (D:1)
  4 goblins
  3 hobgoblins
  12 jackals (D:2)
  3 kobolds
  5 quokkas
  5 frilled lizards
  2 rats
84 creatures vanquished.

Notes
Turn   | Place    | Note
-------+----------+-------------------------------------------
     0 | D:1      | SensoryNuts the Demonspawn Gladiator began the quest for
                  | the Orb.
     0 | D:1      | Reached XP level 1. HP: 16/16 MP: 1/1
   404 | D:1      | Reached skill level 3 in Long Blades
   481 | D:1      | Found a faded altar of an unknown god.
   536 | D:1      | Gained mutation: You are partially covered in sharp spines.
                  | [demonic ancestry]
   536 | D:1      | Reached XP level 2. HP: 22/22 MP: 2/2
   991 | D:2      | Reached XP level 3. HP: 27/27 MP: 3/3
  1304 | D:2      | Reached skill level 1 in Armour
  1403 | D:2      | Reached XP level 4. HP: 30/34 MP: 4/4
  1775 | D:3      | Noticed Jessica
  1782 | D:3      | Killed Jessica
  2260 | D:3      | Reached skill level 4 in Long Blades
  2260 | D:3      | Reached XP level 5. HP: 34/39 MP: 5/5
  2353 | D:3      | Noticed Terence
  2364 | D:3      | Killed Terence
  2365 | D:3      | Reached skill level 1 in Short Blades
  2365 | D:3      | Reached skill level 1 in Stealth
  2849 | D:4      | Found a staircase to the Ecumenical Temple.
  3107 | Temple   | Entered the Ecumenical Temple
  3524 | D:4      | Found a burning altar of Makhleb.
  3524 | D:4      | Noticed a blizzard demon
  3756 | D:4      | Noticed a ynoxinul
  3756 | D:4      | Noticed a neqoxec
  3758 | D:4      | Became a worshipper of Makhleb the Destroyer
  3801 | D:5      | Entered Level 5 of the Dungeon
  3830 | D:5      | Gained mutation: You are mostly covered in sharp spines.
                  | [demonic ancestry]
  3830 | D:5      | Reached XP level 6. HP: 46/46 MP: 6/6
  4413 | D:5      | Gained mutation: You are partially covered in large bone
                  | plates. (SH +4) [demonic ancestry]
  4413 | D:5      | Reached XP level 7. HP: 52/52 MP: 7/7
  4722 | D:6      | Noticed Edmund
  4723 | D:6      | Noticed Pikel
  4739 | D:6      | HP: 1/47 [Pikel (4)]
  4742 | D:5      | Gained mutation: Your body sometimes deteriorates upon
                  | taking damage. [potion of mutation]
  4742 | D:5      | Gained mutation: You possess an exceptional clarity of
                  | mind. [potion of mutation]
  4742 | D:5      | Mangled by Edmund

Illustrated notes

Levels and vault maps discovered:
D:1:      lightli_arrival_noodles, layout_loops_ring,
          shapermc_ecumenical_altar_notcrosses, grunt_decor_arrowhead,
          minmay_pentomino_v2
D:2:      layout_loops_ring, minmay_misc_feat_diagonals,
          kennysheep_generic_room_11
D:3:      layout_basic, uniq_jessica, uniq_terence
D:4:      layout_loops_ring, makhleb_altar_promises_db, minmay_temple_entry_tees
D:5:      layout_rooms, mainiacjoe_overflow_24_doors
D:6:      cheibrodos_fzero, layout_basic, mainiacjoe_overflow_catwalk,
          nicolae_gozag_seed_capital, portal_sewer_entry_f,
          minmay_ogre_servants, uniq_pikel, uniq_edmund, uniq_duvessa
Temple:   nicolae_temple_figure_zero

Skill      XL: |  1  2  3  4  5  6  7 |
---------------+----------------------+-----
Long Blades    | 3 4 |  4.4
Dodging        | 3 |  3.5
Armour         | 1 2 |  2.6
Short Blades   | 1 2 3 |  3.0
Stealth        | 1 |  1.9
Fighting       | 3 |  3.2
Throwing       | |  1.9

Action                   |  1- 3 |  4- 6 |  7- 9 || total
-------------------------+-------+-------+-------++-------
Melee: Long sword        |    70 |     1 |       ||    71
       Dagger            |       |   119 |    22 ||   141
  Use: Scroll            |     5 |       |       ||     5
       Potion            |     1 |     1 |     3 ||     5
 Stab: Sleeping          |     2 |     1 |       ||     3
Armor: Leather armour    |    22 |    19 |     2 ||    43
Dodge: Dodged            |    43 |    53 |    14 ||   110
Block: Other             |       |       |     3 ||     3

Table legend: (Time is in decaauts)
 A = Elapsed time spent in this place.
 B = Non-inter-level travel time spent in this place.
 C = Inter-level travel time spent in this place.
 D = Time resting spent in this place.
 E = Time spent auto-exploring this place.
 F = Levels seen in this place.
 G = Mean time per level.
                   A        B        C        D        E       F      G
               +--------+--------+--------+--------+--------+-----+--------+
         Total |   4737 |   4737 |      0 |      0 |   3873 |   7 |  676.7 |
       Dungeon |   4574 |   4574 |      0 |      0 |   3760 |   6 |  762.3 |
        Temple |    162 |    162 |      0 |      0 |    113 |   1 |  162.0 |
               +--------+--------+--------+--------+--------+-----+--------+

Top non-repeatable levels by time:
     D:3: 985 daAuts
     D:1: 972 daAuts
     D:5: 907 daAuts
     D:4: 873 daAuts
     D:2: 815 daAuts
  Temple: 162 daAuts
     D:6: 19 daAuts
